 Dungeon Crawl Stone Soup version 0.27.1-35-g4d5d836560 (webtiles) character file.

Game seed: 8864002041845372449

2 cbfl8 the Sneak (level 1, -2/19 HPs)
             Began as a Minotaur Delver on Mar 25, 2022.
             Slain by Ijyb (5 damage)
             ... on level 2 of the Dungeon.
             The game lasted 00:00:57 (261 turns).

cbfl8 the Sneak (Minotaur Delver)                    Turns: 261, Time: 00:00:58

Health: -2/19      AC:  3    Str: 16    XL:     1   Next: 25%
Magic:  0/0        EV: 11    Int:  7    God:
Gold:   32         SH:  0    Dex: 11    Spells: 0/0 levels left

rFire    . . .     SeeInvis .   a - +0 hand axe
rCold    . . .     Faith    .   (no shield)
rNeg     . . .     Spirit   .   b - +0 leather armour
rPois    .         Reflect  .   (helmet restricted)
rElec    .         Harm     .   (no cloak)
rCorr    .         Rampage  .   (no gloves)
Will     .....                  (no boots)
Stlth    ++........             (no amulet)
HPRegen  0.06/turn              (no ring)
MPRegen  0.07/turn              (no ring)

@: no status effects
A: horns 2, retaliatory headbutt
a: no special abilities


You were on level 2 of the Dungeon.
You visited 1 branch of the dungeon, and saw 4 of its levels.

You collected 32 gold pieces.

Inventory:

Hand Weapons
 a - a +0 hand axe (weapon)
Armour
 b - a +0 leather armour (worn)
Wands
 g - a wand of digging (3)
Scrolls
 c - a scroll of fog
 d - a scroll of magic mapping
 e - a scroll of fear
Potions
 f - a potion of haste
 h - a potion of flight {unknown}
 i - a potion of brilliance {unknown}


   Skills:
 + Level 3.6 Fighting
 + Level 2.5 Axes
 + Level 2.1 Dodging
 + Level 4.1 Stealth


You couldn't memorise any spells.
You didn't know any spells.
Your spell library was empty.

Dungeon Overview and Level Annotations

Branches:
Dungeon (5/15)
 Temple: D:4-7

Altars:
Dithmenos

Annotations:
D:2 Ijyb


Innate Abilities, Weirdness & Mutations

You have a pair of horns on your head.
You reflexively headbutt those who attack you in melee.


Message History

A jackal and a dart slug come into view.
Found 22 arrows.
A rat comes into view.
Found an escape hatch in the floor.
An endoplasm and Ijyb come into view.
Ijyb is wielding a +0 club, wearing a +3 leather armour of cold resistance and carrying a wand of digging (5).
Ijyb shouts!
Ijyb zaps a wand.
You hear a grinding noise.
An orc comes into view. It is wielding a +0 dagger.
You hear a zap.
Some rock shatters into small pieces.
You hear a zap.
You hear a grinding noise.
You hear a zap.
You hear a grinding noise.
You hear a zap.
You hear a grinding noise.
There is an escape hatch in the floor here.
A dart slug comes into view.
Found a stone staircase leading up.
The dart slug launches a dart at you. The slug dart hits you.
Ijyb drinks a potion.
Ijyb seems to speed up.
A bat comes into view.
Found 11 gold pieces.
There is a stone staircase leading up here.
Ijyb barely misses you. You furiously retaliate!
You headbutt Ijyb, but do no damage.
You climb upwards.
Found 12 gold pieces.
There is a stone staircase leading down here.
Ijyb hits you with a +0 club. x2
You barely miss Ijyb. Ijyb completely misses you. Ijyb closely misses you.
An adder comes into view.
You barely miss Ijyb.
The adder hisses angrily.
You headbutt Ijyb, but do no damage. Ijyb hits you with a +0 club.
Ijyb barely misses you.
You hit Ijyb but do no damage. Ijyb hits you with a +0 club.
* * * LOW HITPOINT WARNING * * *
You closely miss Ijyb. You hit the rat. Ijyb hits you with a +0 club.
You die...

##...........
#............
#............
#............
#............
#............
####...gr.......
#......@>..S....
..####..........
.............
...............
................
..r.............
................
.............$..


You could see Ijyb (fast), an adder, a quokka (asleep) and a rat.

Vanquished Creatures
  A giant cockroach (D:3)
  A rat (D:3)
2 creatures vanquished.

Notes
Turn   | Place    | Note
-------+----------+-------------------------------------------
     0 | D:5      | cbfl8 the Minotaur Delver began the quest for the Orb.
     0 | D:5      | Reached XP level 1. HP: 19/19 MP: 0/0
    38 | D:5      | Noticed an ogre
    42 | D:4      | Found a shadowy altar of Dithmenos.
    62 | D:4      | Noticed an orc wizard
    66 | D:4      | Noticed an orc priest
   190 | D:3      | Noticed Ijyb
   261 | D:2      | Slain by Ijyb

Illustrated notes

Levels and vault maps discovered:
D:2:      layout_rooms, uniq_robin
D:3:      cheibrodos_helix_gallery, layout_loops_ring, uniq_ijyb
D:4:      layout_basic, grunt_dithmenos_smoke, biasface_ghost_orc_armoury
D:5:      layout_loops_ring, worldfamousw_hep_ancestral_shrine,
          chequers_temple_overflow_statue_of_worship

Action                   || total
-------------------------++-------
Melee: Hand axe          ||     7
       Headbutt          ||     1
Dodge: Dodged            ||     7
